 Dungeon Crawl Stone Soup version 0.28.0-45-g0d030f2227 (webtiles) character file.

Game seed: 7484118380847482303

44 issech the Cudgeller (level 3, 0/36 HPs)
             Began as a Troll Monk on Apr 18, 2022.
             Killed from afar by an orc wizard (12 damage)
             ... with a magic dart
             ... on level 3 of the Dungeon.
             The game lasted 00:06:09 (1521 turns).

issech the Cudgeller (Troll Monk)                   Turns: 1521, Time: 00:06:09

Health: 0/36       AC:  5    Str: 19    XL:     3   Next: 41%
Magic:  2/2        EV: 10    Int:  6    God:
Gold:   61         SH:  0    Dex: 14    Spells: 2/2 levels left

rFire   . . .      SeeInvis .   a - +0 mace
rCold   . . .      Faith    .   (no shield)
rNeg    . . .      Spirit   .   b - +0 robe
rPois   .          Reflect  .   (helmet restricted)
rElec   .          Harm     .   l - +0 cloak
rCorr   .          Rampage  .   (gloves unavailable)
Will    .....                   (boots unavailable)
Stlth   ++........              (no amulet)
HPRegen 0.92/turn               (no ring)
MPRegen 0.08/turn               (no ring)

@: no status effects
A: large, unfitting armour, claws 3, regeneration 1, shaggy fur 1, tough skin 1
a: no special abilities


You were on level 3 of the Dungeon.
You visited 1 branch of the dungeon, and saw 3 of its levels.

You collected 61 gold pieces.

Inventory:

Hand Weapons
 a - a +0 mace (weapon)
Missiles
 c - 21 bolts
 d - 6 curare-tipped darts
 e - 23 arrows
 g - 59 stones (quivered)
 m - 6 poisoned darts
 p - a boomerang
Armour
 b - a +0 robe (worn)
 l - a +0 cloak (worn)
Scrolls
 f - 2 scrolls of blinking
 h - 2 scrolls of immolation {unknown}
 j - a scroll of noise {unknown}
 k - 4 scrolls of teleportation {unknown}
 o - a scroll of identify {unknown}
Potions
 i - 3 potions of flight {unknown}
 n - a potion of attraction {unknown}


   Skills:
 + Level 2.7 Fighting
 + Level 3.2 Maces & Flails
 + Level 3.0 Dodging
 + Level 1.0 Stealth


You had 2 spell levels left.
You didn't know any spells.
Your spell library was empty.

Dungeon Overview and Level Annotations

Branches:
Dungeon (3/15)

Altars:
Vehumet


Innate Abilities, Weirdness & Mutations

You are too large for most types of armour.
You have claws for hands.
Your natural rate of healing is unusually fast.
You are covered in fur. (AC +1)
You have tough skin. (AC +1)


Message History

You open the large door. You open the door.
There is an open door here.
As you open the door, it creaks loudly!
There is an open door here.
You open the door.
An orc comes into view.
It is wielding a +0 short sword. 2 orcs and an orc wizard come into view.
The orc shouts!
The orc wizard shouts!
The orc shouts! x2
An orc comes into view. It is wielding a +0 flail.
The orc shouts!
There is an open door here.
There is an open door here.
The orc wizard gestures wildly while chanting.
The orc wizard flickers and vanishes!
Deactivating autopickup; reactivate with Ctrl-A.
You hit the orc.
The orc is severely wounded.
You barely miss the orc.
The orc is severely wounded.
The orc closely misses you.
You hit the orc.
You kill the orc!
You closely miss the orc. The orc barely misses you.
The orc hits you with a +0 flail. The orc barely misses you.
The orc hits you with a +0 flail.
You closely miss the orc. The orc hits you with a +0 morningstar!
The orc barely misses you.
You barely miss the orc. The orc barely misses you.
You hit the orc but do no damage. The orc hits you but does no damage.
The orc hits you with a +0 flail. Something hits you but does no damage.
You closely miss the orc. The orc completely misses you.
The orc closely misses you. Something hits you.
You closely miss the orc. The orc hits you with a +0 morningstar.
The orc hits you but does no damage. Something hits you.
* * * LOW HITPOINT WARNING * * *
The orc hits you but does no damage. x2
A magic dart appears from out of thin air!
The magic dart hits you!
You die...

#.###.......##.....##....
#######...........''.....'.....
#.................##.....#.....
#..........<......##.....#.....
#.......#'#.......##.....#.....
#........[..#+######.....#.....
#......##>...............'.....
##.....##.#########.....##.....
#.....##.#.o.@...#.....#####..
#.....##.)o{...........+ ..
#.....####'###.........# ..
.......o..###.......# #
..........# #.......#
....................#
......................
#...............#......
#.......................


You could see 2 orcs.

Vanquished Creatures
  6 orcs
  4 ball pythons
  3 bats
  3 endoplasms
  4 goblins
  6 hobgoblins
  3 kobolds (D:1)
  6 rats
35 creatures vanquished.

Notes
Turn   | Place    | Note
-------+----------+-------------------------------------------
     0 | D:1      | issech the Troll Monk began the quest for the Orb.
     0 | D:1      | Reached XP level 1. HP: 22/22 MP: 0/0
   212 | D:1      | Reached XP level 2. HP: 27/29 MP: 1/1
   786 | D:2      | Found a radiant altar of Vehumet.
  1095 | D:2      | Found a faded altar of an unknown god.
  1099 | D:2      | Reached XP level 3. HP: 36/36 MP: 2/2
  1521 | D:3      | Killed from afar by an orc wizard

Illustrated notes

Levels and vault maps discovered:
D:1:      roderic_dead_forest, layout_basic, dk_noncrumbling_3
D:2:      layout_rooms, basic_altar, shapermc_ecumenical_altar_mp_vishouse
D:3:      layout_basic

Skill      XL: |  1  2  3 |
---------------+----------+-----
Maces & Flails | 3 |  3.2
Dodging        | 3 |  3.0
Fighting       | |  2.7
Stealth        | |  1.0

Action                   || total
-------------------------++-------
Melee: Mace              ||   114
       Punch             ||     2
  Use: Scroll            ||     1
 Stab: Sleeping          ||     2
Armor: Robe              ||    47
Dodge: Dodged            ||    76
